 Dungeon Crawl Stone Soup version 0.23.1-44-gbd83930989 (webtiles) character file.

Game seed: 4562429359443119480

1954 PentaManta the Carver (level 9, 0/61 HPs)
             Began as an Octopode Fighter on Mar 30, 2019.
             Was an Initiate of Dithmenos.
             Slain by a hippogriff (2 damage)
             ... on level 7 of the Dungeon.
             The game lasted 00:13:14 (5852 turns).

PentaManta the Carver (Octopode Fighter)            Turns: 5852, Time: 00:13:16

Health: 0/61       AC:  1    Str: 16    XL:     9   Next: 19%
Magic:  9/9        EV: 16    Int: 10    God:    Dithmenos [......]
Gold:   361        SH:  9    Dex: 14    Spells: 8/8 levels left

rFire    . . .     SeeInvis .   a - +1 long sword
rCold    . . .     Gourm    .   b - +0 shield
rNeg     . . .     Faith    .   (helmet restricted)
rPois    +         Spirit   .   (no amulet)
rElec    .         Reflect  .   l - +1 ring of evasion
rCorr    .         Harm     .   s - ring of poison resistance
MR       .....                  (no ring)
Stlth    +++.......             (no ring)
HPRegen  0.20/turn              (no ring)
MPRegen  0.11/turn              (no ring)
                                (no ring)
                                (no ring)

@: no status effects
A: almost no armour, stealthy swim, amphibious, 8 rings, constrict 8, camouflage
1, gelatinous body 1
a: Renounce Religion


You were on level 7 of the Dungeon.
You worshipped Dithmenos.
Dithmenos was noncommittal.
You were not hungry.

You visited 2 branches of the dungeon, and saw 8 of its levels.

You collected 400 gold pieces.
You spent 39 gold pieces at shops.

Inventory:

Hand Weapons
 a - a +1 long sword (weapon)
 q - a +3 hunting sling
Missiles
 n - 4 tomahawks (quivered)
Armour
 b - a +0 shield (worn)
Jewellery
 l - a +1 ring of evasion (left tentacle)
 s - a ring of poison resistance (right tentacle)
Wands
 g - a wand of flame (22)
 j - a wand of random effects (30)
 u - a wand of acid (8)
 y - a wand of iceblast (4)
Scrolls
 e - a scroll of enchant weapon
 f - 4 scrolls of remove curse
 h - a scroll of amnesia
 i - 3 scrolls of teleportation
 o - 7 scrolls of identify
 w - a scroll of magic mapping {unknown}
Potions
 c - 2 potions of might
 k - a potion of brilliance
 m - a potion of cancellation
 p - a potion of degeneration
 r - a potion of agility {unknown}
 t - a potion of resistance {unknown}
 x - a potion of lignification {unknown}
Miscellaneous
 v - a phantom mirror
Comestibles
 d - 14 rations


   Skills:
 - Level 5.1 Fighting
 * Level 9.1 Long Blades
 + Level 7.0 Dodging
 - Level 1.0 Stealth
 - Level 3.0 Shields


You had 8 spell levels left.
You didn't know any spells.
Your spell library was empty.

Dungeon Overview and Level Annotations

Branches:
Dungeon (7/15)             Temple (1/1) D:6

Altars:
Ashenzari
Cheibriados
Dithmenos
Elyvilon
Fedhas
Hepliaklqana
Kikubaaqudgha
Makhleb
Nemelex Xobeh
Okawaru
Qazlal
Ru
Sif Muna
Trog
Uskayaw
Vehumet
Wu Jian
Xom
Yredelemnul
Zin
The Shining One

Shops:
D:4 *[=


Innate Abilities, Weirdness & Mutations

You cannot wear most types of armour.
You are very stealthy in the water. (Stealth+)
You are amphibious.
You can wear up to eight rings at the same time.
You can use your tentacles to constrict eight enemies at once.
Your skin changes colour to match your surroundings (Stealth+).
Your rubbery body absorbs attacks. (AC +1, EV +1)


Message History

Press: ? - help, v - describe, . - travel
Here: a hippogriff (severely wounded)
A dry fountain.
You feel better. You block the hippogriff's attack. The hippogriff pecks you!
The hippogriff claws you.
You hit the hippogriff.
The hippogriff is almost dead.
The hippogriff barely misses you. The hippogriff pecks you!
* * * LOW HITPOINT WARNING * * *
The hippogriff claws you.
* * * LOW HITPOINT WARNING * * *
Okay, then.
You hit the hippogriff.
The hippogriff is almost dead.
The hippogriff bites you.
* * * LOW HITPOINT WARNING * * *
The hippogriff pecks you.
* * * LOW HITPOINT WARNING * * *
The hippogriff claws you.
You die...

##.................#...
......P#.#...†.........
.....##P.##............
.....#_...#....#####...
.....P.P)P#..#.# ...
.....#_.⌠.+.....# ..
.... #....####..# ..
#_H..# ##.. . ##@.##
.S. #P#.# #..## ....
###.. ... .... ....


You could see a hippogriff.

Vanquished Creatures
  Sigmund (D:2)
  Menkaure (D:4)
  3 sky beasts
  2 ogres
  2 centaurs
  A bullfrog (D:6)
  2 scorpions
  A wyvern skeleton (D:6)
  4 wights (D:6)
  A howler monkey (D:4)
  A vampire bat (D:2)
  2 crimson imps
  2 jellies
  A bullfrog skeleton (D:5)
  3 hounds
  2 orc priests
  A worker ant (D:5)
  Terence (D:2)
  An orc wizard (D:4)
  A hound zombie (D:6)
  10 adders
  2 shadow imps
  3 adder skeletons
  5 worms
  7 leopard geckos
  14 orcs
  5 bats
  3 bat skeletons (D:2)
  4 bat zombies (D:2)
  3 giant cockroaches
  5 goblins
  5 hobgoblins
  7 jackals (D:5)
  9 kobolds
  2 quokkas
  3 frilled lizards
  A leopard gecko skeleton (D:4)
  A quokka skeleton (D:7)
  7 rats
129 creatures vanquished.

Vanquished Creatures (others)
  An ogre (D:5)
  A gnoll (D:5)
  3 adders (D:5)
  An orc (D:5)
  A jackal (D:5)
7 creatures vanquished.

Grand Total: 136 creatures vanquished

Notes
Turn   | Place    | Note
-------+----------+-------------------------------------------
     0 | D:1      | PentaManta the Octopode Fighter began the quest for the
                  | Orb.
     0 | D:1      | Reached XP level 1. HP: 16/16 MP: 1/1
   117 | D:1      | Reached XP level 2. HP: 21/21 MP: 2/2
   121 | D:1      | Reached skill level 1 in Stealth
   566 | D:2      | Noticed Sigmund
   574 | D:2      | Killed Sigmund
   574 | D:2      | Reached skill level 4 in Long Blades
   574 | D:2      | Reached XP level 3. HP: 25/27 MP: 3/3
   574 | D:2      | Reached XP level 4. HP: 30/33 MP: 4/4
   574 | D:2      | Reached XP level 5. HP: 34/37 MP: 5/5
   590 | D:2      | Noticed Terence
   612 | D:2      | Found a blossoming altar of Fedhas.
   629 | D:2      | Killed Terence
   670 | D:2      | Reached XP level 6. HP: 38/43 MP: 6/6
   721 | D:2      | Found an ancient bone altar of Kikubaaqudgha.
   939 | D:2      | Found a stormy altar of Qazlal.
  1202 | D:3      | Found a basalt altar of Yredelemnul.
  1434 | D:3      | Found a deep blue altar of Sif Muna.
  1590 | D:3      | Found a faded altar of an unknown god.
  1771 | D:4      | Found Huipp's Jewellery Emporium.
  1776 | D:4      | Reached skill level 5 in Long Blades
  2219 | D:4      | Noticed Menkaure
  2232 | D:4      | Killed Menkaure
  2232 | D:4      | Reached XP level 7. HP: 11/49 MP: 7/7
  2500 | D:4      | Found Nuishuruori's Antique Armour Shoppe.
  2518 | D:4      | Found Maxtap's General Store.
  2521 | D:4      | Bought a scroll of teleportation for 39 gold pieces
  2791 | D:5      | Entered Level 5 of the Dungeon
  2941 | D:4      | Reached skill level 6 in Long Blades
  3089 | D:5      | Reached skill level 5 in Fighting
  3089 | D:5      | Reached skill level 5 in Dodging
  3370 | D:5      | Reached XP level 8. HP: 22/55 MP: 8/8
  3569 | D:5      | Found a white marble altar of Elyvilon.
  3766 | D:5      | Reached skill level 7 in Long Blades
  3852 | D:5      | Found a shimmering altar of Xom.
  4436 | D:6      | Reached skill level 8 in Long Blades
  4571 | D:6      | Found a sacrificial altar of Ru.
  4718 | D:6      | Found a staircase to the Ecumenical Temple.
  4737 | D:6      | Reached XP level 9. HP: 8/61 MP: 9/9
  5108 | Temple   | Entered the Ecumenical Temple
  5161 | Temple   | Became a worshipper of Dithmenos the Shadowed
  5425 | D:6      | Reached skill level 9 in Long Blades
  5681 | D:6      | Found a sparkling altar of Nemelex Xobeh.
  5810 | D:7      | Found an ornate altar of the Wu Jian Council.
  5810 | D:7      | Found a burning altar of Makhleb.
  5828 | D:7      | Found a hazy altar of Hepliaklqana.
  5852 | D:7      | HP: 3/61 [hippogriff (5)]
  5852 | D:7      | Slain by a hippogriff

Skill      XL: |  1  2  3  4  5  6  7  8  9 |
---------------+----------------------------+-----
Stealth        | 1 |  1.0
Long Blades    | 4 5 6 8 9 |  9.1
Fighting       | 4 5 |  5.1
Dodging        | 4 5 6 7 |  7.0
Shields        | |  3.0

Action                   |  1- 3 |  4- 6 |  7- 9 || total
-------------------------+-------+-------+-------++-------
Melee: Unarmed           |    13 |       |       ||    13
       Constrict         |    13 |    30 |    41 ||    84
       Long sword        |    20 |    88 |   154 ||   262
       Tentacles         |     7 |    20 |    44 ||    71
Evoke: Wand              |       |       |     4 ||     4
  Use: Potion            |     1 |       |     4 ||     5
       Scroll            |       |     3 |     6 ||     9
 Stab: Sleeping          |     1 |    12 |    12 ||    25
       Distracted        |       |     1 |       ||     1
  Eat: Chunk             |       |     4 |     6 ||    10
       Ration            |       |       |     2 ||     2
Armor: Skin              |     2 |     7 |     3 ||    12
Dodge: Dodged            |    17 |    36 |    71 ||   124
Block: Shield            |    12 |    31 |    56 ||    99
       Rpst.: Long sword |     4 |    13 |    23 ||    40
